 Dungeon Crawl Stone Soup version 0.20.1-1-g8b1a95d (webtiles) character file.

261 tmwrnj the Chopper (level 6, -4/53 HPs)
             Began as a Hill Orc Fighter on Oct 14, 2017.
             Slain by an ogre
             ... wielding a +0 giant club
              (24 damage)
             ... on level 3 of the Dungeon.
             The game lasted 00:07:22 (3385 turns).

tmwrnj the Chopper (Hill Orc Fighter)               Turns: 3385, Time: 00:07:23

Health: -4/53      AC:  9    Str: 19    XL:     6   Next: 18%
Magic:  6/6        EV:  8    Int:  8    God:
Gold:   179        SH:  9    Dex: 12    Spells: 5/5 levels left

rFire    . . .     SeeInvis .   a - +0 war axe
rCold    . . .     Gourm    .   c - +0 shield
rNeg     . . .     Faith    .   b - +0 scale mail
rPois    .         Spirit   .   B - +0 helmet
rElec    .         Reflect  .   F - +0 cloak
rCorr    .         Harm     .   (no gloves)
MR       .....                  (no boots)
Stlth    ..........             (no amulet)
Regen    0.2/turn               (no ring)
MPRegen  0.1/turn               (no ring)

@: no status effects
A: no striking features
a: no special abilities


You were on level 3 of the Dungeon.
You were not hungry.

You visited 1 branch of the dungeon, and saw 4 of its levels.

You collected 179 gold pieces.

Inventory:

Hand Weapons
 a - a +0 war axe (weapon)
Armour
 b - a +0 scale mail (worn)
 c - a +0 shield (worn)
 e - a +0 plate armour
 B - a +0 helmet (worn)
 F - a +0 cloak (worn)
Jewellery
 t - an uncursed ring of protection from fire {unknown}
 x - an uncursed ring of ice {unknown}
 D - an uncursed ring of protection from fire {unknown}
Wands
 o - a wand of iceblast (11/15)
Scrolls
 h - a scroll of identify {unknown}
 j - a scroll of fog {unknown}
 k - a scroll of recharging {unknown}
 m - a scroll of blinking
 p - 2 scrolls of teleportation
 r - a scroll of enchant weapon {unknown}
 s - a scroll of remove curse {unknown}
 w - a scroll of immolation {unknown}
 y - a scroll of enchant armour {unknown}
 A - a scroll of magic mapping {unknown}
Potions
 d - a potion of might
 g - a potion of heal wounds
 n - 3 potions of haste {unknown}
 q - a potion of brilliance {unknown}
 u - a potion of curing {unknown}
 v - a potion of magic {unknown}
 z - 2 potions of flight {unknown}
 C - a potion of mutation {unknown}
Comestibles
 f - 4 bread rations
 i - 7 fruits
 l - 2 meat rations
 E - 3 chunks of flesh


   Skills:
 + Level 4.4 Fighting
 + Level 5.0 Axes
 + Level 4.8 Armour
 + Level 1.2 Dodging
 + Level 0.1 Stealth
 + Level 4.2 Shields


You had 5 spell levels left.
You didn't know any spells.

Dungeon Overview and Level Annotations

Branches:
Dungeon (4/15)
 Temple: D:4-7

Altars:
Ashenzari
Okawaru
Vehumet
The Shining One


Message History

z - 2 blue potions (gained 1)
You slash the ogre!
The ogre is moderately wounded.
The ogre hits you with a giant club!
You barely miss the ogre.
The ogre is moderately wounded.
The ogre hits you but does no damage.
You hit the ogre.
The ogre is heavily wounded.
The ogre hits you with a giant club!!
You slash the ogre!
The ogre is almost dead.
The ogre hits you but does no damage.
You barely miss the ogre.
The ogre is almost dead.
You block the ogre's attack.
You hit the ogre but do no damage.
The ogre is almost dead.
The ogre hits you with a giant club!!
You die...

#.##.###.# #.##.# #(#...##.#
#.##.# ######### #..###.#.#
#.##[###........ ##.## ##..#
#.##...).....### #.##
##.######.##.###)###.# #.#
#.......<##.# #.# #.# #.##
##.#########.# #.# #.# ##.##
##...########.###.###†###
##.###.#.....@O.........[.....
##..........#####..##.###.###
######(###÷# #..##.###.### ###
#.# #............
#.#####.........###
#.......######.#### #..####.#
#..... #..####.######.####
#(.##..............


You could see an ogre.

Vanquished Creatures
  Crazy Yiuf (D:3)
  Terence (D:1)
  A bullfrog skeleton (D:3)
  2 worker ants (D:4)
  A hound skeleton (D:3)
  Robin (D:3)
  5 adders
  2 worms
  A dart slug (D:3)
  4 leopard geckos
  3 orcs (D:3)
  2 bats
  A giant cockroach (D:1)
  12 goblins
  5 hobgoblins
  8 kobolds
  A quokka (D:4)
  2 ball pythons
  2 frilled lizards
  7 rats
62 creatures vanquished.

Notes
Turn   | Place    | Note
-------+----------+-------------------------------------------
     0 | D:1      | tmwrnj the Hill Orc Fighter began the quest for the Orb.
     0 | D:1      | Reached XP level 1. HP: 19/19 MP: 1/1
   430 | D:1      | Reached XP level 2. HP: 21/27 MP: 2/2
   757 | D:1      | Reached skill level 3 in Axes
  1065 | D:2      | Reached XP level 3. HP: 28/33 MP: 3/3
  1579 | D:3      | Found a runed door.
  1616 | D:3      | Noticed Terence
  1623 | D:3      | Noticed Robin
  1650 | D:1      | Killed Terence
  1650 | D:1      | Reached XP level 4. HP: 19/40 MP: 4/4
  2172 | D:3      | Killed Robin
  2172 | D:3      | Reached skill level 4 in Axes
  2191 | D:3      | Reached XP level 5. HP: 20/46 MP: 5/5
  2425 | D:3      | Noticed an ogre
  2444 | D:4      | Noticed an ogre
  3127 | D:3      | Noticed Crazy Yiuf
  3130 | D:3      | Killed Crazy Yiuf
  3130 | D:3      | Reached skill level 1 in Dodging
  3154 | D:3      | Reached XP level 6. HP: 51/53 MP: 6/6
  3181 | D:3      | Found a radiant altar of Vehumet.
  3181 | D:3      | Found a shattered altar of Ashenzari.
  3190 | D:3      | Found a glowing golden altar of the Shining One.
  3191 | D:3      | Found an iron altar of Okawaru.
  3360 | D:3      | Reached skill level 5 in Axes
  3385 | D:3      | Slain by an ogre

Skill      XL: |  1  2  3  4  5  6 |
---------------+-------------------+-----
Axes           | 3 4 5 |  5.0
Fighting       | 4 |  4.4
Armour         | 4 |  4.8
Shields        | 4 |  4.2
Dodging        | 1 |  1.2
Stealth        | |  0.1

Action                   |  1- 3 |  4- 6 || total
-------------------------+-------+-------++-------
Melee: War axe           |   107 |   228 ||   335
  Use: Potion            |     1 |     1 ||     2
       Scroll            |       |     2 ||     2
  Eat: Chunk             |     2 |     5 ||     7
       Fruit             |       |     2 ||     2
Armor: Scale mail        |    43 |   106 ||   149
Dodge: Dodged            |    33 |    66 ||    99
Block: Shield            |    59 |   115 ||   174
